 Dungeon Sprint DCSS version 0.31-a0-435-g2c6fae2916 (webtiles) character file.

Game seed: 15327634046817884929

2601 Conn the Skirmisher (level 9, -26/54 HPs)
             Began as an Octopode Fire Elementalist on Aug 1, 2023.
             Was a High Priest of Sif Muna.
             Annihilated by a +2 antimagic glaive (40 damage)
             ... in the Dungeon (Sprint V: "Ziggurat Sprint").
             The game lasted 00:07:20 (351 turns).

Conn the Skirmisher (Octopode Fire Elementalist)     Turns: 351, Time: 00:07:20

Health: -26/54     AC:  1    Str: 20    XL:     9   Next: 59%
Magic:  22/30      EV: 16    Int: 36    God:    Sif Muna [*****.]
Gold:   0          SH:  5    Dex: 18    Spells: 14/24 levels left

rFire   + + +        A - +27 heavy crossbow "Sniper" {heavy, Acc+∞ SInv}
rCold   + + .        (shield currently unavailable)
rNeg    . . .        (helmet restricted)
rPois   +            E - amulet of reflection
rElec   +            r - ring of flight
rCorr   +            s - +6 ring of dexterity
SInv    +            H - ring of magical power
Will    .....        u - +6 ring of intelligence
Stlth   ++++         v - +6 ring of intelligence
HPRegen 0.29/turn    w - +6 ring of strength
MPRegen 0.22/turn    x - +6 ring of strength
                     J - ring of Amaanal Kuwk {rF++ rC+ rCorr Int+3}

%: no teleportation, reflection
@: resistant, flying, studying Shields, invisible
A: almost no armour, amphibious, 8 rings, camouflage 1, gelatinous body 1,
(nimble swimmer 1), tentacles
a: Renounce Religion, Channel Magic, Forget Spell, Divine Exegesis


You were in the Dungeon.
You worshipped Sif Muna.
Sif Muna was extremely pleased with you.
You visited 1 branch

Inventory:

Hand Weapons
 y - the +8 lance "Wyrmbane" {slay drac, rPois rF+ rC+ AC+3}
   (You found it in the Dungeon)

   AC:        It affects your AC (+3).
   rF:        It protects you from fire.
   rC:        It protects you from cold.
   rPois:     It protects you from poison.
 z - the +6 Majin-Bo {spellvamp, MP+6 Int+6}
   (You found it in the Dungeon)

   Int:       It affects your intelligence (+6).
   MP:        It affects your magic capacity (+6).
 A - the +27 heavy crossbow "Sniper" (weapon) {heavy, Acc+∞ SInv}
   (You found it in the Dungeon)

   Acc+∞: It never misses its target.
   SInv:      It lets you see invisible.
 G - a +8 battleaxe of freezing
Armour
 B - a +3 buckler
 C - the +18 shield of the Gong {Loud rN+ Will+ rCorr EV-5}
   (You found it in the Dungeon)

   Loud:      It is deafeningly noisy when blocking attacks.
   EV:        It affects your evasion (-5).
   rN:        It protects you from negative energy.
   rCorr:     It protects you from acid and corrosion.
   Will:      It increases your willpower.
Jewellery
 r - a ring of flight (left tentacle)
 s - a +6 ring of dexterity (right tentacle)
 t - a +6 ring of dexterity
 u - a +6 ring of intelligence (on tentacle)
 v - a +6 ring of intelligence (on tentacle)
 w - a +6 ring of strength (on tentacle)
 x - a +6 ring of strength (on tentacle)
 D - an amulet of magic regeneration
 E - an amulet of reflection (around mantle)
 H - a ring of magical power (on tentacle)
 I - a ring of protection from fire
 J - the ring of Amaanal Kuwk (on tentacle) {rF++ rC+ rCorr Int+3}
   (You found it in the Dungeon)

   [ring of resist corrosion]

   Int:       It affects your intelligence (+3).
   rF:        It greatly protects you from fire.
   rC:        It protects you from cold.
   rCorr:     It protects you from acid and corrosion.
 L - a ring of protection from cold
Wands
 p - a wand of mindburst (7)
 q - a wand of acid (7)
 K - a wand of polymorph (3)
Scrolls
 f - 2 scrolls of blinking
 l - 4 scrolls of amnesia
 m - 7 scrolls of fog
 n - 5 scrolls of identify
 o - 2 scrolls of fear
Potions
 a - 8 potions of magic
 b - 10 potions of curing
 c - 6 potions of heal wounds
 d - 6 potions of haste
 e - 3 potions of berserk rage
 g - 2 potions of brilliance
 i - 3 potions of resistance
 j - a potion of experience
 k - 5 potions of might
Miscellaneous
 F - a box of beasts


   Skills:
 + Level 2.2 Fighting
 * Level 10.2 Ranged Weapons
 + Level 5.1 Dodging
 + Level 6.0 Stealth
 * Level 8.5 Shields
 * Level 8.0 Spellcasting
 * Level 7.4 Conjurations
 + Level 9.9 Fire Magic
 * Level 8.2 Invocations


You had 14 spell levels left.
You knew the following spells:

 Your Spells              Type           Power      Damage    Failure   Level
a - Foxfire               Conj/Fire      100%       2x1d9     1%          1
b - Scorch                Fire           100%       2d9       1%          2
c - Inner Flame           Hex/Fire       50%        N/A       1%          3
d - Flame Wave            Conj/Fire      67%        2d15      1%          4

Your spell library contained the following spells:

 Spells                   Type           Power      Damage    Failure   Level
 Volatile Blastmotes      Fire/Tloc      100%       2d18      1%          3
 Animate Dead             Necr           14%        N/A       28%         4
 Haunt                    Necr/Summ      7%         N/A       100%        7
 Infestation              Necr           7%         N/A       100%        8


Dungeon Overview and Level Annotations

Branches:
Dungeon (1/1)

Altars:
Ashenzari
Cheibriados
Dithmenos
Elyvilon
Fedhas
Gozag
Hepliaklqana
Kikubaaqudgha
Makhleb
Nemelex Xobeh
Okawaru
Qazlal
Ru
Sif Muna
Trog
Uskayaw
Vehumet
Wu Jian
Xom
Yredelemnul
Zin
The Shining One
Jiyva
Lugonu

Annotations:
D 1 transporter


Innate Abilities, Weirdness & Mutations

You cannot wear most types of armour.
You are amphibious.
You can wear up to eight rings at the same time.
Your skin changes colour to match your surroundings (Stealth+).
Your rubbery body absorbs attacks. (AC +1, EV +1)
((You are camouflaged when in or above water. (Stealth+)))
You have tentacles for arms and can constrict up to eight enemies at once.


Message History

Your Conjurations skill increases to level 7!
You have reached level 9!
Your experience leads to an increase in your attributes!
Your base attributes are Str 8, Int 19, Dex 12.
Increase (S)trength, (I)ntelligence, or (D)exterity?
You feel clever. x2
Unknown command.
Unknown command.
A wave of flame ripples out!
The flame wave engulfs the deep elf zephyrmancer!
You kill the deep elf zephyrmancer!
Sif Muna accepts your kill.
The flame wave engulfs the fire elemental.
The fire elemental completely resists.
You finish channelling waves of flame.
The fire elemental misses you.
Your Ranged Weapons skill increases to level 10!
Your Stealth skill increases to level 6!
Your Spellcasting skill increases to level 8!
Your Invocations skill increases to level 8!
Press: ? - help, v - describe, . - travel, g - get item
Here: a fire elemental (wandering, unable to see you, hasn't noticed you)
Items here: a +0 dagger; an elf corpse.
The floor.
Unknown command.
Unknown command.
Unknown command.
Blink to where?
Press: ? - help, Dir - move target
Found a transporter.
As you read the scroll of blinking, it crumbles to dust.
Fire: A) +27 heavy crossbow "Sniper" {heavy, Acc+∞ SInv}
Press: ? - help, Q - select action, (/) - cycle Shift-Dir - straight line, f - deep elf pyromancer
Aim: a deep elf pyromancer, wielding a +1 rapier of speed (heavily wounded, unable to see you, 100% to hit)
You shoot a bolt.
The bolt hits the deep elf pyromancer!!!
You kill the deep elf pyromancer!
Sif Muna accepts your kill. The +2 antimagic glaive hits you!!!
Ouch! That really hurt!
You die...

..).....▓..||....▓
...)....▓....)...▓
........▓........▓
...)....▓........▓
.▓.)..▓.▓.▓....▓.▓
...©....▓...©....▓
▓▓▓▓▓▓▓▓▓▓▓▓▓▓▓▓▓▓
▓..8©8..▓
▓..[)).@▓
▓..=|)(.▓
▓.......▓
▓.......▓
▓.......▓
▓.....).▓
▓.▓.☼○▓.▓
▓...°○E.▓
▓▓▓▓▓▓▓▓▓


You could see a fire elemental (wandering, unable to see you) and a +2 antimagic
glaive (wandering, unable to see you).

Vanquished Creatures
  A deep elf elementalist (D)
  A deep elf pyromancer (D)
  A deep elf zephyrmancer (D)
  3 merfolk (D)
  A slime creature (D)
  An air elemental (D)
  A hell hound (D)
  A floating eye (D)
  A crimson imp (D)
  3 jellies (D)
  2 orc wizards (D)
  A white imp (D)
  2 orcs (D)
  2 endoplasms (D)
21 creatures vanquished.

Vanquished Creatures (others)
  A bat zombie (D)
1 creature vanquished.

Grand Total: 22 creatures vanquished

Notes
Turn   | Place    | Note
-------+----------+-------------------------------------------
     0 | D        | Conn the Octopode Fire Elementalist began the quest for the
                  | Orb.
     0 | D        | Reached XP level 1. HP: 11/11 MP: 3/3
     0 | D        | Found a shimmering blue altar of Sif Muna.
     0 | D        | Found a bloodstained altar of Trog.
     0 | D        | Found a sacrificial altar of Ru.
     0 | D        | Found a stormy altar of Qazlal.
     0 | D        | Found an iron altar of Okawaru.
     1 | D        | Found a sparkling altar of Nemelex Xobeh.
     1 | D        | Found a blossoming altar of Fedhas.
     1 | D        | Found the +6 Majin-Bo {spellvamp, MP+6 Int+6}
     1 | D        | Found the +27 heavy crossbow "Sniper" {heavy, Acc+∞ SInv}
     1 | D        | Found the +10 dark maul {heavy}
     1 | D        | Found the +15 Maxwell's patent armour {-Cast -Tele rElec
                  | Will+ rCorr}
     1 | D        | Found the +18 shield of the Gong {Loud rN+ Will+ rCorr
                  | EV-5}
     1 | D        | Found the +16 obsidian axe {drain, demonic, Mesm Drain Fly
                  | SInv}
     1 | D        | Found the +7 great mace "Firestarter" {flame, immolate,
                  | rFlCloud rF++}
     1 | D        | Found the +6 shillelagh "Devastator" {shatter}
     1 | D        | Found the +11 plutonium sword {Contam Stlth-}
     1 | D        | Found the +8 lance "Wyrmbane" {slay drac, rPois rF+ rC+
                  | AC+3}
     1 | D        | Found the +9 sword of Zonguldrok {reap}
     1 | D        | Found the +13 scythe of Curses {drain, curses, Drain}
     1 | D        | Found the +9 sword of Power {lifebolt}
     1 | D        | Found the +7 mace of Variability {chaos, chaos arc}
     1 | D        | Found the +11 Singing Sword {sonic wave}
     1 | D        | Found the +8 storm bow {elec, penet}
     3 | D        | Found a transporter.
     3 | D        | Found an ancient bone altar of Kikubaaqudgha.
     3 | D        | Found a viscous altar of Jiyva.
     3 | D        | Found a corrupted altar of Lugonu.
     3 | D        | Found a hazy altar of Hepliaklqana.
     3 | D        | Found a burning altar of Makhleb.
     3 | D        | Found an opulent altar of Gozag.
    33 | D        | Became a worshipper of Sif Muna the Loreminder
    88 | D        | Entered arena 2.
    88 | D        | Noticed a jelly
    88 | D        | Found a transporter.
    90 | D        | Killed a jelly
    91 | D        | Reached skill level 1 in Ranged Weapons
    91 | D        | Reached skill level 1 in Shields
    91 | D        | Reached skill level 1 in Invocations
    91 | D        | Reached XP level 2. HP: 17/17 MP: 4/6
    91 | D        | Reached XP level 3. HP: 21/21 MP: 4/7
   121 | D        | Entered arena 3.
   121 | D        | Noticed a merfolk
   121 | D        | Noticed a merfolk
   121 | D        | Noticed a merfolk
   121 | D        | Found a transporter.
   128 | D        | Killed a merfolk
   128 | D        | Reached * piety under Sif Muna
   129 | D        | Reached skill level 3 in Ranged Weapons
   129 | D        | Reached XP level 4. HP: 27/27 MP: 7/10
   129 | D        | Reached XP level 5. HP: 31/31 MP: 8/12
   133 | D        | Killed a merfolk
   134 | D        | Reached skill level 4 in Ranged Weapons
   134 | D        | Reached skill level 5 in Spellcasting
   134 | D        | Reached skill level 5 in Invocations
   134 | D        | Reached XP level 6. HP: 12/36 MP: 12/14
   134 | D        | Reached XP level 7. HP: 13/41 MP: 12/15
   136 | D        | Killed a merfolk
   137 | D        | Reached skill level 5 in Ranged Weapons
   137 | D        | Reached skill level 5 in Stealth
   137 | D        | Reached skill level 5 in Shields
   137 | D        | Reached skill level 5 in Conjurations
   155 | D        | Learned a level 2 spell: Scorch
   159 | D        | Learned a level 3 spell: Inner Flame
   164 | D        | Learned a level 4 spell: Flame Wave
   164 | D        | Entered arena 4.
   164 | D        | Found a transporter.
   166 | D        | Reached ** piety under Sif Muna
   218 | D        | Entered arena 5.
   218 | D        | Found a transporter.
   219 | D        | Reached *** piety under Sif Muna
   223 | D        | Reached skill level 6 in Ranged Weapons
   223 | D        | Reached XP level 8. HP: 47/47 MP: 18/18
   232 | D        | Got the ring of Amaanal Kuwk {rF++ rC+ rCorr Int+3}
   285 | D        | Entered arena 6.
   285 | D        | Noticed a slime creature
   285 | D        | Found a transporter.
   286 | D        | Paralysed by a floating eye for 3 turns
   288 | D        | Reached **** piety under Sif Muna
   289 | D        | Killed a slime creature
   290 | D        | Reached skill level 1 in Fighting
   291 | D        | Reached skill level 7 in Ranged Weapons
   338 | D        | Entered arena 7.
   338 | D        | Found the +3 pair of gauntlets of War {Slay+5}
   338 | D        | Noticed a deep elf zephyrmancer
   338 | D        | Noticed an air elemental
   338 | D        | Noticed a deep elf elementalist
   338 | D        | Noticed a deep elf pyromancer
   338 | D        | Noticed a +2 antimagic glaive
   340 | D        | Paralysed by an air elemental for 1 turns
   344 | D        | Killed an air elemental
   345 | D        | HP: 2/48 [deep elf elementalist/blast of rock fragments
                  | (46)]
   348 | D        | Killed a deep elf elementalist
   348 | D        | Reached ***** piety under Sif Muna
   349 | D        | Reached skill level 9 in Ranged Weapons
   349 | D        | Reached skill level 5 in Dodging
   349 | D        | Reached XP level 9. HP: 12/54 MP: 20/20
   349 | D        | Killed a deep elf zephyrmancer
   350 | D        | Reached skill level 10 in Ranged Weapons
   350 | D        | Found a transporter.
   351 | D        | Killed a deep elf pyromancer
   351 | D        | Annihilated by a +2 antimagic glaive

Illustrated notes

Levels and vault maps discovered:
D:        sprint_v [room_start, room_1, room_2, room_3, room_4, room_5, room_6,
          room_7, room_8, room_9, room_10, room_11, room_12, room_13, room_14,
          room_15, room_16, room_17, room_18, room_19, room_20, room_21,
          room_22, room_23, room_24, room_25, room_26, room_27]

Skill      XL: |  1  2  3  4  5  6  7  8  9 |
---------------+----------------------------+-----
Ranged Weapons | 1 3 4 6 9 10 | 10.2
Stealth        | 3 4 5 6 |  6.0
Shields        | 1 3 4 5 8 |  8.5
Spellcasting   | 3 4 5 6 7 8 |  8.0
Conjurations   | 2 3 4 5 7 |  7.4
Fire Magic     | 4 6 7 8 9 |  9.9
Invocations    | 1 4 5 6 7 8 |  8.2
Dodging        | 3 4 5 |  5.1
Fighting       | 2 |  2.2

Action                     |  1- 3 |  4- 6 |  7- 9 || total
---------------------------+-------+-------+-------++-------
   Fire: Heavy crossbow    |     4 |     2 |    14 ||    20
   Cast: Flame Wave        |       |       |     2 ||     2
         Scorch            |       |       |     1 ||     1
    Use: Potion            |     2 |       |     5 ||     7
         Scroll            |     1 |       |     1 ||     2
 Armour: Skin              |       |       |     1 ||     1
  Dodge: Dodged            |     6 |     4 |    10 ||    20
  Block: Other             |       |       |     1 ||     1

Table legend: (Time is in decaauts)
 A = Elapsed time spent in this place.
 B = Non-inter-level travel time spent in this place.
 C = Inter-level travel time spent in this place.
 D = Time resting spent in this place.
 E = Time spent auto-exploring this place.
 F = Levels seen in this place.
 G = Mean time per level.
                   A        B        C        D        E       F      G
               +--------+--------+--------+--------+--------+-----+--------+
         Total |    391 |    391 |      0 |    115 |      0 |   1 |  391.0 |
       Dungeon |    391 |    391 |      0 |    115 |      0 |   1 |  391.0 |
               +--------+--------+--------+--------+--------+-----+--------+

Top non-repeatable levels by time:
       D: 391 daAuts
